 Dungeon Crawl Stone Soup version 0.24.0-13-gcf9b319 (webtiles) character file.

Game seed: 10752588185608453994, levelgen mode: deterministic

31 Daunt the Cudgeler (level 3, 0/29 HPs)
             Began as a Formicid Abyssal Knight on Nov 16, 2019.
             Was a Follower of Lugonu.
             Slain by a frilled lizard (1 damage)
             ... on level 2 of the Dungeon.
             The game lasted 00:03:55 (923 turns).

Daunt the Cudgeler (Formicid Abyssal Knight)         Turns: 923, Time: 00:03:57

Health: 0/29       AC:  3    Str: 17    XL:     3   Next: 40%
Magic:  4/4        EV: 11    Int: 16    God:    Lugonu [*.....]
Gold:   31         SH:  0    Dex: 10    Spells: 2/2 levels left

rFire    . . .     SeeInvis +   a - +1 mace
rCold    . . .     Gourm    .   (no shield)
rNeg     . . .     Faith    .   b - +0 leather armour
rPois    .         Spirit   .   (helmet unavailable)
rElec    .         Reflect  .   (no cloak)
rCorr    .         Harm     .   (no gloves)
MR       .....                  (no boots)
Stlth    +.........             (no amulet)
HPRegen  0.09/turn              (no ring)
MPRegen  0.09/turn              (no ring)

@: brilliant, lethally poisoned (0 -> -4)
A: permanent stasis, dig shafts and tunnels, four strong arms, antennae 3
a: Dig, Shaft Self, Depart the Abyss, Renounce Religion


You were on level 2 of the Dungeon.
You worshipped Lugonu.
Lugonu was aware of your devotion.
You were not hungry.

You visited 1 branch of the dungeon, and saw 2 of its levels.
You visited the Abyss 1 time.

You collected 31 gold pieces.

Inventory:

Hand Weapons
 a - a +1 mace (weapon)
Missiles
 e - 14 bolts
 h - 31 stones (quivered)
 i - 20 arrows
 k - 17 poisoned darts
Armour
 b - a +0 leather armour (worn)
Scrolls
 f - a scroll of blinking {unknown}
 g - 2 scrolls of identify {unknown}
Comestibles
 c - 2 rations
 j - 12 chunks of flesh


   Skills:
 - Level 3.2 Fighting
 * Level 3.5 Maces & Flails
 - Level 2.1 Armour
 - Level 1.0 Dodging
 - Level 2.1 Invocations


You had 2 spell levels left.
You didn't know any spells.
Your spell library was empty.

Dungeon Overview and Level Annotations

Branches:
Dungeon (2/15)

Altars:


Innate Abilities, Weirdness & Mutations

You cannot be hasted, slowed, berserked, paralysed or teleported.
You can dig through walls and to a lower floor.
Your four strong arms can wield two-handed weapons with a shield.
You have a pair of large antennae on your head. (SInv)


Message History

You feel sick. The bat closely misses you.
The frilled lizard bites you but does no damage.
The rat closely misses you. x2; The frilled lizard misses you.
You barely miss the frilled lizard. The bat hits you but does no damage.
The frilled lizard barely misses you. The rat barely misses you.
You closely miss the frilled lizard.
* * * LOW HITPOINT WARNING * * *
You feel sick. The bat misses you. The frilled lizard closely misses you.
The rat closely misses you.
You barely miss the frilled lizard. The bat hits you but does no damage.
The frilled lizard bites you.
* * * LOW HITPOINT WARNING * * *
The rat closely misses you.
You closely miss the frilled lizard.
* * * LOW HITPOINT WARNING * * *
You feel sick. The bat hits you but does no damage. The bat hits you.
* * * LOW HITPOINT WARNING * * *
The frilled lizard barely misses you. The rat bites you but does no damage.
The rat closely misses you. The frilled lizard bites you.
You die...

## .# ######### .#
#.......######## .#
#.......#...#... <###
...........?....
...#####................
##..... ................
# ##....................
# ..####......†@r..>...
# .# ......b.l.$..[..
###.##(.........<.#.###.
....S............#..#
.....................
######.#####......##.. #
# .....## .## # .....# #
#


You could see a bat, a frilled lizard and a rat.

Vanquished Creatures
  An adder (D:2)
  An ooze (D:1)
  A dart slug (D:1)
  A giant cockroach (D:1)
  2 goblins (D:1)
  2 hobgoblins (D:1)
  A kobold (D:1)
  A ball python (D:1)
  A bat (D:1)
  4 frilled lizards (D:1)
  2 rats (D:1)
17 creatures vanquished.

Notes
Turn   | Place    | Note
-------+----------+-------------------------------------------
     0 | Abyss:1  | Daunt the Formicid Abyssal Knight began the quest for the
                  | Orb.
     0 | Abyss:1  | Reached XP level 1. HP: 18/18 MP: 2/2
    51 | Abyss:1  | Noticed a large abomination
    74 | Abyss:1  | Noticed a spatial maelstrom
    81 | Abyss:1  | Noticed a smoke demon
    82 | D:1      | Escaped the Abyss
   321 | D:1      | Reached skill level 1 in Dodging
   607 | D:1      | Reached XP level 2. HP: 21/24 MP: 3/3
   631 | D:1      | You fall into a shaft and drop 1 floor!
   784 | D:1      | Reached * piety under Lugonu
   823 | D:1      | Reached XP level 3. HP: 29/29 MP: 4/4
   907 | D:1      | You fall into a shaft and drop 1 floor!
   923 | D:2      | HP: 1/29 [bat (1)]
   923 | D:2      | Slain by a frilled lizard

Levels and vault maps discovered:
D:1:      lemuel_arrival_hallway, layout_loops_ring
D:2:      layout_rooms, nemelex_altar_shiori

Skill      XL: |  1  2 |
---------------+-------+-----
Dodging        | 1 |  1.0
Maces & Flails | 3 |  3.5
Fighting       | |  3.2
Armour         | |  2.1
Invocations    | |  2.1

Action                   || total
-------------------------++-------
Melee: Mace              ||    54
Invok: Depart the Abyss  ||     1
 Abil: Dig               ||     1
  Use: Potion            ||     1
Armor: Leather armour    ||    26
Dodge: Dodged            ||    47
